cohdb
Replays
Latest Replays
All Replays
Popular Replays
Top Player Replays
Match Explorer
How It Works
Community
CoH3 Stats
Reddit
Sign in to upload your games and track your stats! →
Sign in with Steam
Match 42834916
Unlisted
Match 42834916
Overview
Messages
Build Orders
End
Panzergrenadier Squad
Kradschützen Motorcycle Team
Panzergrenadier Squad
250 Light Carrier
Construct Light Support Kompanie
Fire Support Elements
Combat Half-tracks
Construct Panzerarmee Kommand
Emergency Repair Kits
Vehicle Survival Package
Panzer III L Medium Tank
Panzer III L Medium Tank
Rapid Advance
Selects Armored Support Battlegroup
Selects Veteran Gunners
Selects Salvage Kits
Selects Panzer Storm
Tungsten Core Ammunition
Jarkke
Setti-Veke
ViiKumi
Skoldpadda
drgh95
jw
0
0
Comments
sign in to comment!
No comments posted yet!